 Dungeon Crawl Stone Soup version 0.23-a0-629-gae4348f (webtiles) character file.

9 galech the Skirmisher (level 2, 15/24 HPs)
             Began as a Demonspawn Fighter on Dec 26, 2018.
             Quit the game on level 1 of the Dungeon.
             The game lasted 00:00:16 (114 turns).

galech the Skirmisher (Demonspawn Fighter)           Turns: 114, Time: 00:00:17

Health: 15/24      AC:  6    Str: 16    XL:     2   Next: 6%
Magic:  2/2        EV:  6    Int:  9    God:
Gold:   18         SH:  8    Dex: 12    Spells: 1/1 levels left

rFire    . . .     SeeInvis .   a - +0 war axe
rCold    . . .     Gourm    .   c - +0 shield
rNeg     . . .     Faith    .   b - +0 scale mail
rPois    .         Spirit   .   (no helmet)
rElec    .         Reflect  .   (no cloak)
rCorr    .         Harm     .   (no gloves)
MR       .....                  (no boots)
Stlth    +.........             (no amulet)
HPRegen  0.08/turn              (no ring)
MPRegen  0.08/turn              (no ring)

@: no status effects
A: nightstalker 1
a: no special abilities


You were on level 1 of the Dungeon.
You were not hungry.

You visited 1 branch of the dungeon, and saw 1 of its levels.

You collected 18 gold pieces.

Inventory:

Hand Weapons
 a - a +0 war axe (weapon)
Armour
 b - a +0 scale mail (worn)
 c - a +0 shield (worn)
Potions
 d - a potion of might
 e - a potion of curing {unknown}
 g - a potion of lignification {unknown}
Comestibles
 f - a ration
 h - a chunk of flesh


   Skills:
 + Level 3.2 Fighting
 + Level 1.8 Axes
 + Level 2.8 Armour
 + Level 0.1 Dodging
 + Level 2.9 Shields


You had one spell level left.
You didn't know any spells.
Your spell library was empty.

Dungeon Overview and Level Annotations

Branches:
Dungeon (1/15)

Altars:


Innate Abilities, Weirdness & Mutations

You are slightly more attuned to the shadows.


Message History

A ball python comes into view.
The ball python hisses angrily.
You block the rat's attack.
You closely miss the rat. You hit the goblin. The goblin barely misses you.
You block the rat's attack. You block the goblin's attack.
You closely miss the goblin.
The goblin is severely wounded.
You slash the rat!
You kill the rat!
The ball python bites you but does no damage.
You block the ball python's attack. You block the goblin's attack.
You hit the goblin.
You kill the goblin!
You have reached level 2!
Your demonic ancestry asserts itself...
You slip into the darkness of the dungeon.
You hit the ball python.
You kill the ball python!
No target in view!
Are you sure you want to abandon this character and quit the game? (Confirm

.....#.######
............#
............#
.............# ..#.
..........#
..#.###........#
.#........†....# #
...
..........@†...# #
#.. #...(......####
###.# #..........#
.##.# #..........#
.##.#########.....#
.##...............#
........>#........#
†÷............#####
###...###.......#


There were no monsters in sight!

Vanquished Creatures
  A bat (D:1)
  2 goblins (D:1)
  A hobgoblin (D:1)
  A kobold (D:1)
  A ball python (D:1)
  2 frilled lizards (D:1)
  A rat (D:1)
9 creatures vanquished.

Notes
Turn   | Place    | Note
-------+----------+-------------------------------------------
     0 | D:1      | galech the Demonspawn Fighter began the quest for the Orb.
     0 | D:1      | Reached XP level 1. HP: 18/18 MP: 1/1
   113 | D:1      | Gained mutation: You are slightly more attuned to the
                  | shadows. [demonic ancestry]
   113 | D:1      | Reached XP level 2. HP: 15/24 MP: 2/2
   114 | D:1      | Quit the game

Vault maps used:
D:1:      minmay_arrival_stair_chambers, serial_forest,
          infiniplex_forest_lined_room_3, infiniplex_forest_end_1,
          infiniplex_forest_straight_1, infiniplex_forest_clump_double,
          infiniplex_forest_clump_diagonal, infiniplex_forest_end_2,
          infiniplex_forest_clump_double, infiniplex_forest_lined_room_2

Action                   || total
-------------------------++-------
Melee: War axe           ||    38
Armor: Scale mail        ||    17
Dodge: Dodged            ||    15
Block: Shield            ||    21

Table legend:
 A = Non-vault XP
 B = Vault XP
 C = Vault XP percentage of total XP
 D = Non-vault monster count
 E = Vault monster count
 F = Vault count percentage of total count
                 A         B        C        D         E       F
            +---------+---------+-------+---------+---------+-------
      Total |      14 |       0 |   0.0 |       9 |       0 |   0.0
            +---------+---------+-------+---------+---------+-------
        D:1 |      14 |       0 |   0.0 |       9 |       0 |   0.0
            +---------+---------+-------+---------+---------+-------
